 Dungeon Crawl Stone Soup version 0.28-a0-691-gad6df49e81 (webtiles) character file.

Game seed: 9593722694534405786

2929 pop123321pop the Bludgeoner (level 9, -1/112 HPs)
             Began as a Minotaur Berserker on Oct 22, 2021.
             Was an Elder of Trog.
             Killed by an exploding kobold brigand (43 damage)
             ... ignited by their inner flame
             ... on level 7 of the Dungeon.
             The game lasted 00:09:53 (7493 turns).

pop123321pop the Bludgeoner (Minotaur Berserker)    Turns: 7493, Time: 00:09:54

Health: -1/112     AC: 14    Str: 21    XL:     9   Next: 50%
Magic:  8/8        EV:  6    Int:  4    God:    Trog [****..]
Gold:   260        SH:  0    Dex: 14    Spells: 8/8 levels left

rFire   . . .      SeeInvis .   u - +1 whip (freeze)
rCold   . . .      Faith    .   (no shield)
rNeg    . . .      Spirit   .   m - +1 plate armour
rPois   .          Reflect  .   (helmet restricted)
rElec   .          Harm     .   (no cloak)
rCorr   .          Rampage  .   t - +0 pair of gloves
Will    ++...                   f - +0 pair of boots
Stlth   ..........              (no amulet)
HPRegen 1.28/turn               (no ring)
MPRegen 0.11/turn               (no ring)

@: berserking, strong-willed, regenerating, slowed, very slow
A: horns 2, retaliatory headbutt
a: Renounce Religion, Berserk, Trog's Hand, Brothers in Arms


You were on level 7 of the Dungeon.
You worshipped Trog.
Trog was greatly pleased with you.
You visited 1 branch of the dungeon, and saw 7 of its levels.

You collected 260 gold pieces.

Inventory:

Hand Weapons
 u - a +1 whip of freezing (weapon)
Missiles
 o - 2 throwing nets (quivered)
Armour
 f - a +0 pair of boots (worn)
 m - a +1 plate armour (worn)
 t - a +0 pair of gloves (worn)
Jewellery
 g - a ring of resist corrosion
 s - a ring of positive energy
 v - an amulet of the acrobat
Wands
 n - a wand of paralysis (12)
 q - a wand of flame (21)
Scrolls
 a - 2 scrolls of amnesia
 c - a scroll of identify
 k - a scroll of enchant armour
 p - a scroll of teleportation {unknown}
 y - a scroll of holy word {unknown}
Potions
 b - 2 potions of attraction {unknown}
 d - 4 potions of curing
 e - 2 potions of haste {unknown}
 h - a potion of berserk rage {unknown}
 l - a potion of ambrosia {unknown}
 r - a potion of might {unknown}
 w - a potion of heal wounds {unknown}
 x - a potion of invisibility {unknown}
 z - a potion of brilliance {unknown}


   Skills:
 * Level 6.2 Fighting
 - Level 15.1 Maces & Flails
 - Level 2.4 Armour
 - Level 2.1 Dodging


You had 8 spell levels left.
You didn't know any spells.
Your spell library was empty.

Dungeon Overview and Level Annotations

Branches:
Dungeon (7/15)             Temple (0/1) D:5

Altars:
Ashenzari
Cheibriados
Gozag
Hepliaklqana
Kikubaaqudgha
Makhleb
Qazlal
Sif Muna
Wu Jian
Yredelemnul

Shops:
D:3 !


Innate Abilities, Weirdness & Mutations

You have a pair of horns on your head.
You reflexively headbutt those who attack you in melee.


Message History

The kobold hits you but does no damage.
The kobold brigand throws a curare-tipped dart.
The curare-tipped dart barely misses you.
The kobold splashes around in the water.
It was a potion of curing.
You feel better. The kobold hits you but does no damage.
Okay, then.
As you read the scroll labelled EDWEAM TORODYA, it crumbles to dust.
It is a scroll of amnesia.
You feel forgetful for a moment. The kobold closely misses you.
As you read the scroll labelled WIRCHU ACAISHRIE, it crumbles to dust.
It is a scroll of enchant armour.
Your +0 plate armour glows green for a moment.
As you read the scroll labelled HAILOGG LUYTIO, it crumbles to dust.
It is a scroll of identify.
i - a scroll of immolation The kobold brigand hits you but does no damage.
Really read the scroll of immolation?
As you read the scroll of immolation, it crumbles to dust.
The creatures around you are filled with an inner flame!
The kobold brigand splashes around in the water. x2
As you read the scroll labelled JIM JAKHLURR, it crumbles to dust.
It is a scroll of enchant weapon.
Your +0 whip of freezing glows red for a moment.
The kobold throws a stone.
The stone hits you but does no damage.
A red film seems to cover your vision as you go berserk!
You feel yourself moving faster!
You feel mighty!
The kobold brigand splashes around in the water.
The kobold throws a stone.
The stone hits you but does no damage.
The kobold brigand splashes around in the water.
The kobold throws a stone.
The stone barely misses you.
You whack the kobold brigand!
Flame seeps out of the kobold brigand.
You freeze the kobold brigand.
Flame seeps out of the kobold brigand.
The kobold brigand is severely wounded.
You whack the kobold brigand! You freeze the kobold brigand.
Trog accepts your kill.
You hear a splash. x2
The kobold brigand explodes!
The fiery explosion engulfs you!!!
You die...

.# #.........##≈≈≈≈...
.#######.#######.#≈≈≈≈≈###
.......#..# #.#≈≈≈≈≈##
.#####.##.# #.≈≈≈≈≈.. .#
#.##.# ##≈≈≈≈≈###
.#####.##.######≈≈≈≈≈#
...............§§§≈K≈#
######.##.######○§≈K## #
#.##.# #@§K## # #.##.#
##### #### #.##.#
...###.##.# ##........#
.......#### ########


You could see 3 kobolds.

Vanquished Creatures
  Pikel (D:4)
  Grinder (D:4)
  Sigmund (D:5)
  Edmund (D:4)
  2 water moccasins (D:6)
  2 sky beasts (D:6)
  An ogre (D:5)
  A necrophage (D:6)
  A kobold brigand (D:7)
  2 scorpions
  A water moccasin zombie (D:5)
  4 water moccasin skeletons
  4 wights (D:6)
  2 centaur zombies
  A jelly (D:4)
  3 orc priests (D:6)
  4 hounds
  An iguana (D:5)
  A bullfrog skeleton (D:6)
  Ijyb (D:3)
  2 scorpion zombies (D:4)
  4 orc wizards
  A killer bee zombie (D:6)
  7 hound zombies (D:4)
  4 adders
  9 gnolls
  A white imp (D:6)
  2 ufetubi
  5 adder zombies (D:4)
  2 adder skeletons (D:4)
  A dart slug (D:3)
  20 orcs
  3 ball pythons
  9 endoplasms
  4 giant cockroaches
  15 goblins
  6 hobgoblins
  3 quokkas
  3 bats
  3 frilled lizards
  18 kobolds
  3 rats
  A spectral hobgoblin (D:2)
161 creatures vanquished.

Vanquished Creatures (others)
  A fungus (D:6)
  15 plants (D:6)
16 creatures vanquished.

Grand Total: 177 creatures vanquished

Notes
Turn   | Place    | Note
-------+----------+-------------------------------------------
     0 | D:1      | pop123321pop the Minotaur Berserker began the quest for the
                  | Orb.
     0 | D:1      | Reached XP level 1. HP: 19/19 MP: 0/0
   102 | D:1      | Reached skill level 4 in Maces & Flails
   212 | D:1      | Reached XP level 2. HP: 26/26 MP: 1/1
  1100 | D:2      | Found a faded altar of an unknown god.
  1127 | D:2      | Reached skill level 5 in Maces & Flails
  1143 | D:2      | Reached XP level 3. HP: 27/30 MP: 2/2
  1303 | D:2      | Reached ** piety under Trog
  1606 | D:2      | Reached XP level 4. HP: 12/39 MP: 3/3
  1607 | D:2      | Reached skill level 6 in Maces & Flails
  2806 | D:3      | Found Mapiurel's Distillery.
  3015 | D:3      | Noticed Ijyb
  3045 | D:3      | Killed Ijyb
  3532 | D:4      | Reached skill level 7 in Maces & Flails
  3532 | D:4      | Reached XP level 5. HP: 45/45 MP: 4/4
  3649 | D:4      | Reached skill level 8 in Maces & Flails
  3649 | D:4      | Reached XP level 6. HP: 46/51 MP: 5/5
  3782 | D:4      | Reached *** piety under Trog
  4083 | D:4      | Reached skill level 9 in Maces & Flails
  4199 | D:4      | Reached XP level 7. HP: 45/57 MP: 6/6
  4323 | D:4      | Noticed Grinder
  4325 | D:4      | Noticed Pikel
  4347 | D:4      | Killed Pikel
  4348 | D:4      | Reached skill level 11 in Maces & Flails
  4354 | D:4      | Killed Grinder
  4355 | D:4      | Reached skill level 12 in Maces & Flails
  4355 | D:4      | Reached XP level 8. HP: 15/64 MP: 7/7
  4631 | D:4      | Found a snail-covered altar of Cheibriados.
  4696 | D:4      | Found a shimmering blue altar of Sif Muna.
  4701 | D:4      | Noticed Edmund
  4716 | D:4      | Killed Edmund
  4985 | D:5      | Entered Level 5 of the Dungeon
  5013 | D:5      | Found a staircase to the Ecumenical Temple.
  5089 | D:5      | Noticed Sigmund
  5436 | D:5      | Killed Sigmund
  5437 | D:5      | Reached skill level 13 in Maces & Flails
  5757 | D:5      | Found a hazy altar of Hepliaklqana.
  5757 | D:5      | Found an ornate altar of the Wu Jian Council.
  5757 | D:5      | Found an opulent altar of Gozag.
  5789 | D:5      | Found a burning altar of Makhleb.
  5789 | D:5      | Found an ancient bone altar of Kikubaaqudgha.
  5790 | D:5      | Found a stormy altar of Qazlal.
  5861 | D:6      | Reached skill level 14 in Maces & Flails
  5869 | D:6      | Reached **** piety under Trog
  5993 | D:6      | Reached XP level 9. HP: 61/70 MP: 8/8
  6043 | D:6      | Found a basalt altar of Yredelemnul.
  6437 | D:6      | Reached skill level 15 in Maces & Flails
  6753 | D:6      | Reached skill level 5 in Fighting
  7317 | D:7      | Found a broken altar of Ashenzari.
  7483 | D:7      | HP: 1/75 [poisoned by a kobold brigand (curare-tipped
                  | dart)]
  7493 | D:7      | Killed by an exploding kobold brigand... ignited by their
                  | inner flame

Illustrated notes

Levels and vault maps discovered:
D:1:      dpeg_arrival_simpleton_c, layout_loops_ring
D:2:      layout_basic, dreamdust_ecumenical_altar_drowned_temple,
          minmay_goblin_outpost
D:3:      layout_loops_ring, serial_shops, nicolae_shop_window_shopping,
          kennysheep_cross_bottleneck, minmay_goblin_kobold_house, uniq_ijyb
D:4:      layout_gridville, mainiacjoe_overflow_alcove_2, lemuel_tele_altar,
          serial_undead, serial_undead_d, serial_undead_a, serial_undead_e,
          serial_undead_b, serial_undead_b, serial_undead_e,
          kennysheep_cluttered_room, uniq_edmund, uniq_pikel, uniq_grinder
D:5:      layout_rooms, chequers_temple_overflow_statue_of_worship,
          gammafunk_temple_overflow_forgotten, minmay_temple_entry_steel_oval,
          uniq_sigmund
D:6:      layout_basic, mainiacjoe_overflow_boulevard, chequers_big_river,
          serial_bayou_pond_e, roderic_serpentine_path, minmay_statues_item,
          kennysheep_big_empty_room
D:7:      wander_river, layout_loops_ring, ashenzari_conservatory_becter,
          nicolae_tso_carved_into_rock

Skill      XL: |  1  2  3  4  5  6  7  8  9 |
---------------+----------------------------+-----
Maces & Flails | 4 5 7 8 9 12 14 15 | 15.1
Fighting       | 6 |  6.2
Armour         | |  2.4
Dodging        | |  2.1

Action                   |  1- 3 |  4- 6 |  7- 9 || total
-------------------------+-------+-------+-------++-------
Melee: Mace              |    38 |       |       ||    38
       Headbutt          |    15 |    49 |    65 ||   129
       Whip              |    40 |   243 |   286 ||   569
Invok: Berserk           |     1 |       |     4 ||     5
       Trog's Hand       |       |       |     1 ||     1
  Use: Scroll            |       |       |     5 ||     5
       Potion            |       |       |     1 ||     1
Armor: Animal skin       |    16 |       |       ||    16
       Plate armour      |       |   177 |   118 ||   295
Dodge: Dodged            |    35 |    69 |    57 ||   161

Table legend: (Time is in decaauts)
 A = Elapsed time spent in this place.
 B = Non-inter-level travel time spent in this place.
 C = Inter-level travel time spent in this place.
 D = Time resting spent in this place.
 E = Time spent auto-exploring this place.
 F = Levels seen in this place.
 G = Mean time per level.
                   A        B        C        D        E       F      G
               +--------+--------+--------+--------+--------+-----+--------+
         Total |   7357 |   7026 |    331 |   1314 |   4678 |   7 | 1051.0 |
       Dungeon |   7357 |   7026 |    331 |   1314 |   4678 |   7 | 1051.0 |
               +--------+--------+--------+--------+--------+-----+--------+

Top non-repeatable levels by time:
     D:4: 1666 daAuts
     D:6: 1381 daAuts
     D:2: 1241 daAuts
     D:3: 1207 daAuts
     D:1: 1075 daAuts
     D:5: 560 daAuts
     D:7: 224 daAuts
